← All builds
Suicide front / Legion / Quick factory / OBSERVED BUILD

Standard suicide front

Legion Suicide front build order · Supreme Isthmus

Quick Bot Lab into Vehicle Plant to project force at middle early with Ballista, Satyr, Decurion and Lance, transitioning into Barrage artillery and an Advanced Metal Extractor as the game develops.

#rush #raid · 61 distinct matches · 27 players · 80% of Legion Suicide front games · team won 56% of 64 · Recently observed

HOW TO PLAY IT

Key timing: Legion Vehicle Plant by 1:01

  1. Take first mex while the bot lab goes down immediately.
  2. Finish the bot lab fast to start producing early bots.
  3. Queue the vehicle plant right after for Ballista and Satyr.
  4. Push Ballista and Barrage to contest middle early.
  5. Transition into an advanced mex once T2 constructor is up.

Phase by phase

TYPICAL OF ITS 61 GAMES
  1. 1
  2. 2
  3. 3
PLAY THE OPENING

Follow the example game's first 6:00 step by step: what to build now, what comes next, and where it goes. At 1× it keeps pace with your own game.

  1. 1

    Up to the Legion Bot Lab

    Economy
    • Metal Extractor2Mex
    Order
    1. Legion Bot LabLegion Bot Lab after 2 mexdone ~0:34, middle half 0:27–0:46

    Some games also: Legion Vehicle Plant (33%)

    By 0:18 in all: 2 mex

    The example game in this phase · 1 step
    1. Mex ×2
  2. 2

    Legion Bot Lab to 5:00

    Economy
    • Metal Extractor4Mex
    • Wind Turbine6Wind
    Army
    • Pharos3 Pharos
    Other
    • Radar Tower1 Radar Tower

    Some games also: Legion Construction Bot (44%) · Zagreus (44%) · Legion Construction Vehicle (42%) · con turret (42%) · Barrage (41%)

    By 5:00 in all: 5 mex · 7 wind · 1 con turret

    The example game in this phase · 35 steps
    1. Legion Vehicle PlantLegion Vehicle Plantdone 0:37 · typical 0:38
    2. Legion Construction VehicleLegion Construction Vehicle
    3. WheelieWheelie ×2
    4. Mex
    5. WheelieWheelie ×2
    6. Legion Construction VehicleLegion Construction Vehicle
    7. DecurionDecurion
    8. Con turret
    9. Overcharged Metal Extractor
    10. PharosPharos
    11. DecurionDecurion
    12. Wind
    13. PharosPharos
    14. Mex
    15. Wind
    16. Legion Construction VehicleLegion Construction Vehicle
    17. Wind
    18. DecurionDecurion
    19. Wind
    20. Converter
    21. DecurionDecurion
    22. Converter
    23. Wind
    24. Con turret
    25. BarrageBarrage
    26. Converter
    27. Wind
    28. Converter
    29. Con turret
    30. Legion Construction VehicleLegion Construction Vehicle
    31. Wind
    32. Con turret
    33. Wind
    34. DecurionDecurion
    35. Energy storage
  3. 3

    5:00 to 10:00

    Economy
    • Metal Extractor1Mex
    • Wind Turbine9Wind
    Builders
    • Construction Turret1 Con turret

    Some games also: Radar Tower (50%) · Pharos (42%) · energy storage (39%) · Lance (34%) · Zagreus (33%)

    By 10:00 in all: 6 mex · 17 wind · 1 energy storage · 2 con turret

    The example game in this phase · 131 steps
    1. Wind
    2. DecurionDecurion
    3. Wind
    4. BarrageBarrage
    5. Wind ×2
    6. Legion Construction VehicleLegion Construction Vehicle
    7. DecurionDecurion
    8. Wind ×2
    9. DecurionDecurion
    10. Con turret
    11. Wind
    12. BarrageBarrage
    13. Wind
    14. DecurionDecurion
    15. Wind
    16. DecurionDecurion
    17. Wind ×2
    18. BarrageBarrage
    19. Dragon's JawDragon's Jaw
    20. Wind
    21. Con turret
    22. Wind ×2
    23. Dragon's JawDragon's Jaw
    24. Wind ×4
    25. Dragon's JawDragon's Jaw
    26. Wind ×2
    27. CacophonyCacophony
    28. Wind ×3
    29. LanceLance
    30. Overcharged Metal Extractor
    31. Wind
    32. LanceLance
    33. Wind
    34. Overcharged Metal Extractor
    35. LanceLance
    36. Wind
    37. Converter
    38. Advanced Metal ExtractorT2 mexdone 10:27
    39. Wind
    40. Converter
    41. Overcharged Metal Extractor
    42. Wind
    43. LanceLance
    44. Wind
    45. Converter
    46. Advanced Metal ExtractorT2 mex
    47. LanceLance
    48. Wind
    49. Naval Radar / Sonar TowerNaval Radar / Sonar Tower
    50. Converter
    51. LanceLance
    52. Wind
    53. Advanced Metal ExtractorT2 mex
    54. LanceLance
    55. RattlesnakeRattlesnakedone 12:32
    56. Wind
    57. LanceLance
    58. Wind
    59. LanceLance
    60. Wind
    61. WheelieWheelie ×6
    62. Wind
    63. WheelieWheelie ×3
    64. Wind
    65. WheelieWheelie ×3
    66. Bot LabBot Labdone 13:06
    67. WheelieWheelie ×3
    68. LazarusLazarus
    69. WheelieWheelie
    70. Wind
    71. WheelieWheelie ×3
    72. Con turret
    73. LazarusLazarus
    74. WheelieWheelie
    75. Wind
    76. WheelieWheelie ×4
    77. TickTick
    78. Wind
    79. WheelieWheelie
    80. TickTick
    81. Wind
    82. Con turret
    83. WheelieWheelie
    84. TickTick
    85. Wind
    86. WheelieWheelie
    87. TickTick
    88. Wind
    89. WheelieWheelie
    90. Wind
    91. Fusion ReactorFusionnot finished by 15:00
    92. TickTick
    93. Wind
    94. TickTick
    95. WheelieWheelie
    96. Wind
    97. TickTick
    98. WheelieWheelie
    99. Con turret
    100. TickTick
    101. Con turret
    102. WheelieWheelie
    103. TickTick
    104. WheelieWheelie
    105. TickTick
    106. Con turret
    107. WheelieWheelie
    108. TickTick
    109. WheelieWheelie
    110. Con turret ×2
    111. TickTick
    112. WheelieWheelie
    113. TickTick
    114. WheelieWheelie
    115. TickTick
    116. Con turret
    117. WheelieWheelie
    118. Con turret
    119. TickTick
    120. WheelieWheelie
    121. TickTick
    122. WheelieWheelie
    123. TickTick
    124. Con turret
    125. WheelieWheelie
    126. TickTick
    127. WheelieWheelie
    128. TickTick
    129. WheelieWheelie
    130. LazarusLazarus
    131. WheelieWheelie

Counts are medians over the build's games: half of them build more, half fewer. The example game is Salosin's (34 OS, 19/08/2026); pick another.

Team trades

IN AT LEAST 30% OF ITS GAMES

You hand over

Nothing regular.

You get

  • Tidal Generator4 Tidal from Pondfirst at 0:12 · in 56% of games
  • Advanced Construction Bot1 T2 con bot from Tech or Geofirst at 7:37 · in 45% of games

How it plays out

Typical game of this build, running totals by minute

Metal produced

010k20k
0:005:0010:0015:00

metal

Enemy metal destroyed

05k10k
0:005:0010:0015:00

metal

Own metal lost

05k10k
0:005:0010:0015:00

metal

64 games.

Show as table
ByMetal produced: This buildEnemy metal destroyed: This buildOwn metal lost: This build
1:0028300
2:0087700
3:00181619270
4:002774469300
5:0038471119716
6:00484418481150
7:00589328741832
8:00727243202575
9:00847447363265
10:00972553614384
11:001112356744945
12:001311361295595
13:001394566067019
14:001564471597595
15:001724780818181
WHAT THE NUMBERS SAY

This aggressive opening wins more often than the role's other lines, with enemy metal destroyed well above own losses by 15:00.

  • + Enemy metal destroyed (9422) nearly doubles own metal lost (8541) by 15:00.
  • + Team wins 58% of games, strongest result among these roles.
  • − Own metal lost climbs fast early, 770 by 5:00 from committing hard.
THE EXAMPLE YOU ARE READING

Salosin

34.0 OS · 19/08/2026

Open source match ↗

6 received units · includes a constructor
155 metal received · 53169 energy received

Allied construction assistance is unknown. Timings are observations, not a promise of solo reproducibility.

Typical milestones

Legion Bot Lab0:34Middle 50%: 0:27–0:46 · n=36
Legion Vehicle Plant0:38Middle 50%: 0:29–1:01 · n=41

Played most by

XuunnY11games of this buildChancho7games of this build_X_6games of this build[crd]sisa4games of this buildxabre3games of this build